 Dungeon Crawl Stone Soup version 0.28.0-45-g0d030f2227 (webtiles) character file.

Game seed: 14918588448780279492

14 Peloso the Covered (level 2, -5/27 HPs)
             Began as a Minotaur Fighter on Mar 30, 2022.
             Slain by a kobold
             ... wielding a +2 short sword of electrocution
              (11 damage)
             ... on level 1 of the Dungeon.
             The game lasted 00:00:25 (235 turns).

Peloso the Covered (Minotaur Fighter)                Turns: 235, Time: 00:00:25

Health: -5/27      AC:  7    Str: 20    XL:     2   Next: 27%
Magic:  1/1        EV:  6    Int:  5    God:
Gold:   34         SH:  4    Dex:  9    Spells: 1/1 levels left

rFire   . . .      SeeInvis .   a - +0 long sword
rCold   . . .      Faith    .   c - +0 buckler
rNeg    . . .      Spirit   .   b - +0 scale mail
rPois   .          Reflect  .   (helmet restricted)
rElec   .          Harm     .   (no cloak)
rCorr   .          Rampage  .   (no gloves)
Will    .....                   (no boots)
Stlth   ..........              (no amulet)
HPRegen 0.09/turn               (no ring)
MPRegen 0.07/turn               (no ring)

@: constricted
A: horns 2, retaliatory headbutt
a: no special abilities


You were on level 1 of the Dungeon.
You visited 1 branch of the dungeon, and saw 1 of its levels.

You collected 34 gold pieces.

Inventory:

Hand Weapons
 a - a +0 long sword (weapon)
Armour
 b - a +0 scale mail (worn)
 c - a +0 buckler (worn)
Scrolls
 e - a scroll of vulnerability {unknown}
Potions
 d - a potion of might


   Skills:
 + Level 3.9 Fighting
 + Level 2.6 Long Blades
 + Level 4.0 Armour
 + Level 3.8 Shields


You had one spell level left.
You didn't know any spells.
Your spell library contained the following spells:

 Spells                   Type           Power      Damage    Failure   Level
 Dazzling Flash           Conj/Hex       0%         N/A       99%         3
 Agony                    Necr           0%         N/A       100%        5
 Silence                  Hex/Air        0%         N/A       100%        5


Dungeon Overview and Level Annotations

Branches:
Dungeon (1/15)

Altars:


Innate Abilities, Weirdness & Mutations

You have a pair of horns on your head.
You reflexively headbutt those who attack you in melee.


Message History

You kill the rat!
The bat hits you but does no damage.
The ball python bites you but does no damage.
You block the ball python's attack.
The kobold hits you with a +2 short sword of electrocution.
You are electrocuted!
Ouch! That really hurt!
You barely miss the goblin. The goblin hits you but does no damage.
The ball python closely misses you. The ball python grabs you.
The ball python constricts you. The bat hits you but does no damage.
The goblin hits you but does no damage.
The ball python bites you but does no damage.
The ball python constricts you.
Unknown command.
You slash the goblin!
You kill the goblin!
You block the bat's attack. You block the ball python's attack.
The ball python constricts you.
Your Armour skill increases to level 4!
Unknown command.
You completely miss the kobold. The bat hits you but does no damage.
The ball python bites you.
* * * LOW HITPOINT WARNING * * *
The ball python constricts you.
The kobold hits you with a +2 short sword of electrocution.
* * * LOW HITPOINT WARNING * * *
The bat barely misses you.
The ball python bites you but does no damage.
The ball python constricts you. The kobold closely misses you.
You closely miss the kobold. Your headbutt misses the kobold.
The bat hits you but does no damage. You block the bat's attack.
The bat hits you but does no damage.
The ball python bites you but does no damage.
The ball python constricts you. The kobold barely misses you.
Unknown command.
You barely miss the kobold. You block the bat's attack.
The bat barely misses you. You block the ball python's attack.
The ball python constricts you. The kobold hits you but does no damage.
You are electrocuted!
You die...

.. ........## #..
.#.##.......... #####..#
...........#.##
.........#.#.#....#.###.#
.........#....#..#..# ##.
...........##.#....## ##
#........>b.........##
#.....†##........(...##
#......K@.............##
#......S...............##
#......#$.............##.
#......#..............#.#
#......#...............##
#........................
#...(..###...............
#...... ################
###


You could see a bat, a ball python and a kobold.

Vanquished Creatures
  2 dart slugs (D:1)
  3 endoplasms (D:1)
  A giant cockroach (D:1)
  A goblin (D:1)
  A kobold (D:1)
  A rat (D:1)
9 creatures vanquished.

Notes
Turn   | Place    | Note
-------+----------+-------------------------------------------
     0 | D:1      | Peloso the Minotaur Fighter began the quest for the Orb.
     0 | D:1      | Reached XP level 1. HP: 19/19 MP: 0/0
    44 | D:1      | Found a faded altar of an unknown god.
   175 | D:1      | Reached XP level 2. HP: 27/27 MP: 1/1
   233 | D:1      | Reached skill level 4 in Armour
   235 | D:1      | Slain by a kobold

Illustrated notes

Levels and vault maps discovered:
D:1:      dpeg_arrival_simpleton_a, layout_rooms,
          hellmonk_ecumenical_altar_run_dry, st_stairs_13, item_on_display_a

Skill      XL: |  1  2 |
---------------+-------+-----
Armour         | 4 |  4.0
Fighting       | |  3.9
Long Blades    | |  2.6
Shields        | |  3.8

Action                   || total
-------------------------++-------
Melee: Long sword        ||    22
       Headbutt          ||     4
Armor: Scale mail        ||    18
Dodge: Dodged            ||     9
Block: Buckler           ||    13
